 Dungeon Crawl Stone Soup version 0.29-a0-887-gcbe080d7e0 (webtiles) character file.

Game seed: 7248810065970602046

826 lunkers the Zephyrmancer (level 8, -3/57 HPs)
             Began as a Meteoran Air Elementalist on July 11, 2022.
             Was an Initiate of Ru.
             Slain by a gnoll
             ... wielding a +0 club
             ... led by a gnoll bouda
              (8 damage)
             ... on level 6 of the Dungeon on July 21, 2022.
             The game lasted 00:05:46 (1436 turns).

lunkers the Zephyrmancer (MeAE)                     Turns: 1436, Time: 00:05:47

Health: -3/57      AC:  5    Str: 10    XL:     8   Next: 40%
Magic:  15/18      EV: 12    Int: 18    God:    Ru [......]
Gold:   134        SH:  0    Dex: 15    Spells: 10/20 levels left

rFire   . . .      SeeInvis .   o - +3 mace (drain)
rCold   + . .      Faith    .   (no shield)
rNeg    . . .      Spirit   .   n - +1 robe "Edius" {Rampage rC+ Archmagi}
rPois   .          Reflect  .   (no helmet)
rElec   .          Harm     .   l - +0 cloak
rCorr   .          Rampage  +   (no gloves)
Will    +....      Archmagi +   e - +0 pair of boots
Stlth   +.........              i - amulet of the acrobat
HPRegen 0.19/turn               (no ring)
MPRegen 0.16/turn               (no ring)

@: about to teleport, weakened, glowing
A: sense surroundings 1, otherworldly, glowing, explore regen
a: Renounce Religion


You were on level 6 of the Dungeon.
You worshipped Ru.
Ru was noncommittal.
You visited 1 branch of the dungeon, and saw 6 of its levels.

You collected 134 gold pieces.

Inventory:

Hand Weapons
 f - a +0 quarterstaff
 m - a +0 rapier
 o - a +3 mace of draining (weapon)
Armour
 a - a +0 robe
 d - a +0 kite shield
 e - a +0 pair of boots (worn)
 g - the +1 ring mail of Compression {rCorr Str+2 Dex+5}
   (You found it on level 3 of the Dungeon)

   Str:       It affects your strength (+2).
   Dex:       It affects your dexterity (+5).
   rCorr:     It protects you from acid and corrosion.
 j - a scarf of harm
 l - a +0 cloak (worn)
 n - the +1 robe "Edius" (worn) {Rampage rC+ Archmagi}
   (You found it on level 4 of the Dungeon)

   rC:        It protects you from cold.
   Rampage:   It bestows one free step when moving towards enemies.
   Archmagi:  It increases the power of your magical spells.
Jewellery
 i - an amulet of the acrobat (around neck)
 r - a ring of magical power
Scrolls
 k - 2 scrolls of identify
 q - a scroll of enchant weapon {unknown}
Potions
 b - a potion of magic
 c - a potion of berserk rage
 h - 2 potions of curing


   Skills:
 - Level 2.4 Dodging
 - Level 1.4 Stealth
 + Level 6.5 Spellcasting
 - Level 1.2 Conjurations
 * Level 9.2 Air Magic


You had 10 spell levels left.
You knew the following spells:

 Your Spells              Type           Power      Damage    Failure   Level
a - Shock                 Conj/Air       100%       1d9       1%          1
b - Static Discharge      Conj/Air       37%        3-8/arc   1%          2
c - Airstrike             Air            28%        0-9+      2%          4
d - Swiftness             Air            56%        N/A       1%          3

Your spell library contained the following spells:

 Spells                   Type           Power      Damage    Failure   Level
 Magic Dart               Conj           60%        1d6       7%          1
 Searing Ray              Conj           30%        2d5       11%         2
 Apportation              Tloc           16%        N/A       12%         1
 Necrotise                Necr           32%        1d5       12%         1
 Summon Small Mammal      Summ           32%        N/A       12%         1
 Dazzling Flash           Conj/Hex       24%        N/A       26%         3
 Silence                  Hex/Air        16%        N/A       43%         5
 Fulminant Prism          Conj/Hex       6%         3d7       65%         4
 Animate Armour           Summ/Erth      16%        N/A       75%         4
 Agony                    Necr           8%         N/A       97%         5
 Blade Hands              Tmut           4%         N/A       97%         5
 Iron Shot                Conj/Erth      6%         9d2       100%        6


Dungeon Overview and Level Annotations

Branches:
Dungeon (6/15) Zot: 2158
 Temple: D:4-7

Altars:
Elyvilon
Ru
The Shining One

Annotations:
D:6 Pikel


Innate Abilities, Weirdness & Mutations

You passively map a small area around you.
You are easily found by Zot.
You glow in the dark.
You regain HP and MP as you explore.


Message History

The bullfrog is heavily wounded.
The howler monkey is struck by an arc of lightning!
You kill the howler monkey!
The bullfrog is struck by an arc of lightning.
The bullfrog is severely wounded.
You are struck by an arc of lightning.
* * * LOW HITPOINT WARNING * * *
The lightning grounds out.
The bullfrog hits you.
* * * LOW HITPOINT WARNING * * *
Unknown command.
Casting: Static Discharge (safe; 1% risk of failure)
Confirm with . or Enter, or press ? or * to list all spells.
You feel a surge of power!
The bullfrog is struck by an arc of lightning!
The bullfrog is almost dead.
You are struck by an arc of lightning.
* * * LOW HITPOINT WARNING * * *
The lemure is struck by an arc of lightning.
The lemure is lightly wounded.
You are struck by an arc of lightning.
* * * LOW HITPOINT WARNING * * *
The lightning grounds out.
The bullfrog hits you.
* * * LOW HITPOINT WARNING * * *
The gnoll barely misses you. The lemure hits you.
* * * LOW HITPOINT WARNING * * *
A black bear comes into view.
The gnoll hits you from afar with a +0 halberd!
* * * LOW HITPOINT WARNING * * *
The bullfrog closely misses you.
As you read the scroll of teleportation, it crumbles to dust.
You feel strangely unstable.
The gnoll hits you from afar with a +0 halberd.
* * * LOW HITPOINT WARNING * * *
The bullfrog hits you.
* * * LOW HITPOINT WARNING * * *
The lemure closely misses you.
The gnoll hits you from afar with a +0 halberd.
* * * LOW HITPOINT WARNING * * *
The gnoll hits you with a +0 club!
You die...

* .................
.................. ,
g.................... ,
,,[..........................
,
,.....g....................,
.......5K.5..............#.
........g)5......(.......#.
........g5F..............##
........gg@.....h........##
...........................
,,,
.........................#
.........................# ,
.........................#
........................##
............≈............
.......................† ,
.......................


You could see Pikel, a black bear (wandering), 4 lemures, a bullfrog, a gnoll
bouda and 4 gnolls.

Vanquished Creatures
  Sigmund (D:3)
  A water moccasin (D:6)
  A sky beast (D:6)
  A centaur (D:4)
  A bullfrog (D:6)
  2 scorpions (D:5)
  A howler monkey (D:6)
  2 hounds
  An iguana (D:6)
  A gnoll (D:6)
  4 adders
  A shadow imp (D:5)
  A dart slug (D:3)
  5 orcs
  A ball python (D:4)
  4 bats
  4 endoplasms
  5 goblins
  4 hobgoblins
  2 kobolds
  A frilled lizard (D:3)
  A rat (D:3)
45 creatures vanquished.

Notes
Turn   | Place    | Note
-------+----------+-------------------------------------------
     0 | D:1      | lunkers the Meteoran Air Elementalist began the quest for
                  | the Orb.
     0 | D:1      | Reached XP level 1. HP: 14/14 MP: 5/5
    53 | D:1      | Reached skill level 4 in Air Magic
    53 | D:1      | Reached XP level 2. HP: 20/20 MP: 1/6
    85 | D:1      | Upgraded the game from 0.29-a0-830-gcb1280458a to
                  | 0.29-a0-887-gcbe080d7e0
   109 | D:1      | Learned a level 2 spell: Static Discharge
   203 | D:2      | Reached XP level 3. HP: 24/26 MP: 5/8
   323 | D:3      | Found a glowing golden altar of the Shining One.
   376 | D:3      | Identified the +1 ring mail of Compression {rCorr Str+2
                  | Dex+5}
   403 | D:3      | Noticed Sigmund
   412 | D:3      | Killed Sigmund
   413 | D:3      | Reached skill level 6 in Air Magic
   413 | D:3      | Reached XP level 4. HP: 12/33 MP: 0/11
   413 | D:3      | Reached XP level 5. HP: 14/38 MP: 0/12
   413 | D:3      | Reached XP level 6. HP: 16/45 MP: 0/13
   426 | D:3      | Found a faded altar of an unknown god.
   622 | D:4      | Identified the +1 robe "Edius" {Rampage rC+ Archmagi}
   654 | D:4      | Learned a level 4 spell: Airstrike
   658 | D:4      | Learned a level 3 spell: Swiftness
   943 | D:4      | Noticed a centaur
   945 | D:4      | Killed a centaur
   946 | D:4      | Reached skill level 5 in Spellcasting
   946 | D:4      | Reached skill level 7 in Air Magic
   957 | D:4      | Found a sacrificial altar of Ru.
   957 | D:4      | Found a white marble altar of Elyvilon.
   962 | D:4      | Became a worshipper of Ru the Awakened
  1008 | D:5      | Entered Level 5 of the Dungeon
  1215 | D:5      | Reached XP level 7. HP: 43/50 MP: 10/15
  1388 | D:6      | Reached skill level 8 in Air Magic
  1397 | D:6      | Noticed a water moccasin
  1402 | D:6      | Killed a water moccasin
  1403 | D:6      | Reached XP level 8. HP: 56/57 MP: 1/18
  1423 | D:6      | Reached skill level 9 in Air Magic
  1429 | D:6      | Noticed Pikel
  1436 | D:6      | Slain by a gnoll

Illustrated notes

Levels and vault maps discovered:
D:1:      nicolae_arrival_washed_ashore, layout_basic
D:2:      kennysheep_the_goblin_king, layout_basic, serial_shops,
          nicolae_shop_trees
D:3:      layout_rooms, mainiacjoe_overflow_chevrons, slow_altar_1,
          serial_shops, shop, hellmonk_ecumenical_altar_lost_god,
          minmay_close_crescents, uniq_sigmund
D:4:      layout_layer_cave, jmf_multi_god_temple
D:5:      layout_basic
D:6:      layout_basic, trog_hazing_becter, minmay_unpleasant_kobolds,
          uniq_pikel, uniq_grinder

Skill      XL: |  1  2  3  4  5  6  7  8 |
---------------+-------------------------+-----
Air Magic      | 4 6 7 8 9 |  9.2
Spellcasting   | 3 4 5 6 |  6.5
Dodging        | |  2.4
Stealth        | |  1.4
Conjurations   | |  1.2

Action                   |  1- 3 |  4- 6 |  7- 9 || total
-------------------------+-------+-------+-------++-------
Melee: Unarmed           |     9 |     1 |       ||    10
       Mace              |       |     5 |    11 ||    16
       Quarterstaff      |       |     1 |       ||     1
 Cast: Shock             |    23 |       |       ||    23
       Static Discharge  |    13 |     8 |     4 ||    25
       Airstrike         |       |     2 |     7 ||     9
  Use: Scroll            |       |     3 |     2 ||     5
Armor: Robe              |    33 |     2 |     6 ||    41
Dodge: Dodged            |    32 |     7 |    18 ||    57

Table legend: (Time is in decaauts)
 A = Elapsed time spent in this place.
 B = Non-inter-level travel time spent in this place.
 C = Inter-level travel time spent in this place.
 D = Time resting spent in this place.
 E = Time spent auto-exploring this place.
 F = Levels seen in this place.
 G = Mean time per level.
                   A        B        C        D        E       F      G
               +--------+--------+--------+--------+--------+-----+--------+
         Total |   1440 |   1363 |     77 |      0 |    561 |   6 |  240.0 |
       Dungeon |   1440 |   1363 |     77 |      0 |    561 |   6 |  240.0 |
               +--------+--------+--------+--------+--------+-----+--------+

Top non-repeatable levels by time:
     D:4: 503 daAuts
     D:5: 288 daAuts
     D:3: 197 daAuts
     D:1: 160 daAuts
     D:2: 146 daAuts
     D:6: 145 daAuts
